 Dungeon Crawl Stone Soup version 0.20-a0-1034-gb277f92 (webtiles) character file.

2130 theAP the Basher (level 9, -3/60 HPs)
             Began as a Gargoyle Fighter on Apr 21, 2017.
             Was a Believer of Okawaru.
             Killed from afar by a deep elf mage (9 damage)
             ... with a bolt of lightning
             ... on level 7 of the Dungeon.
             The game lasted 00:10:45 (4677 turns).

theAP the Basher (Gargoyle Fighter)                 Turns: 4677, Time: 00:10:46

Health: -3/60      AC: 28    Str: 24    XL:     9   Next: 30%
Magic:  0/8        EV:  4    Int:  8    God:    Okawaru [**....]
Gold:   284        SH:  9    Dex:  9    Spells: 8/8 levels left

rFire    . . .     SeeInvis .   w - +3 whip (distort)
rCold    . . .     Gourm    .   c - +0 shield
rNeg     + . .     Faith    .   s - +1 plate armour
rPois    ∞         Spirit   +   (no helmet)
rElec    +         Reflect  .   n - +2 cloak
rCorr    .         Harm     .   t - +2 pair of gloves
MR       .....                  (no boots)
Stlth    ..........             A - amulet of guardian spirit
Regen    0.2/turn               m - ring of poison resistance
MPRegen  0.2/turn               v - +4 ring of protection

@: no status effects
A: talons 1, low mp 1, negative energy resistance 1, screaming 1, electricity
resistance, unbreathing, petrification resistance, rot immunity, AC +5
a: Heroism, Renounce Religion


You were on level 7 of the Dungeon.
You worshipped Okawaru.
Okawaru was pleased with you.
You were hungry.

You visited 2 branches of the dungeon, and saw 8 of its levels.
You also visited: Sewer.

You collected 284 gold pieces.

Inventory:

Hand Weapons
 a - a +0 flail
 w - a +3 whip of distortion (weapon)
Armour
 b - a +0 scale mail
 c - a +0 shield (worn)
 n - a +2 cloak (worn)
 s - a +1 plate armour (worn)
 t - a +2 pair of gloves (worn)
Jewellery
 g - an uncursed ring of stealth {unknown}
 m - a ring of poison resistance (left hand)
 v - a +4 ring of protection (right hand)
 A - an amulet of guardian spirit (around neck)
Wands
 y - a wand of iceblast (9/15)
Scrolls
 i - 8 scrolls of remove curse
 k - a scroll of fear
 q - 4 scrolls of enchant armour
 z - 2 scrolls of teleportation
 C - a scroll of fog
 D - a scroll of immolation
Potions
 d - 3 potions of might
 e - a potion of cancellation
 h - 2 potions of invisibility
 o - 2 potions of berserk rage
 r - 2 potions of agility
 u - 3 potions of resistance
 x - a potion of haste
 E - a potion of brilliance
Books
 B - a book of Maledictions

   Spells                             Type                      Level
   a - Corona                         Hexes                        1
   b - Ensorcelled Hibernation        Hexes/Ice                    2
   c - Confuse                        Hexes                        3
   d - Tukima's Dance                 Hexes                        3
   e - Dazzling Spray                 Conjuration/Hexes            3
Miscellaneous
 l - a lightning rod (4/4)
 F - a sack of spiders
Comestibles
 f - 2 bread rations
 p - 3 meat rations


   Skills:
 + Level 8.3 Fighting
 * Level 10.0 Maces & Flails
 - Level 3.2 Armour
 - Level 3.2 Shields


You had 8 spell levels left.
You didn't know any spells.

Dungeon Overview and Level Annotations

Branches:
Dungeon (7/15)             Temple (1/1) D:5

Altars:
Ashenzari
Cheibriados
Dithmenos
Elyvilon
Fedhas
Gozag
Hepliaklqana
Kikubaaqudgha
Makhleb
Nemelex Xobeh
Okawaru
Ru
Sif Muna
Trog
Wu Jian
Xom
Yredelemnul
Zin
The Shining One

Shops:
D:6 }

Annotations:
Abyss:1 Blork the orc, Pikel


Innate Abilities, Weirdness & Mutations

You are resistant to torment.
Your stone body is resilient. (AC +5)
You are immune to poison.
You resist negative energy. (rN+)
You are resistant to electric shocks. (rElec)
You can survive without breathing.
You are immune to petrification.
You are immune to rotting.
You have sharp toenails.
Your magical capacity is low. (-10% MP)
You occasionally shout uncontrollably at your foes.


Message History

You hear some strange, mumbled words.
Something tries to affect you, but you resist.
You hit something but do no damage.
Space warps horribly around something!
Okawaru accepts your kill.
Reactivating autopickup.
Your Maces & Flails skill increases to level 10!
You feel a bit more experienced.
Things that are here:
a dagger; a robe You start resting.
You hear the hiss of a very distant avalanche of sand.
You start resting.
You are too injured to fight recklessly!
You are too injured to fight recklessly!
The deep elf mage shouts!
The deep elf mage casts a spell at you. The bolt of lightning hits you!
You resist.
* * * LOW HITPOINT WARNING * * *
The bolt of lightning hits you! You resist.
You die...

...#...##.#.....#
#.....###.#######.#
##...## #.........#
##.## #####o#####
..... ##...).##
...<. #.......##
#.## #...#)#...# #
.. #..##.##..#..##.
#......#..@e......
#.#..##.##..#..##.
#.#. #. ...#.## .
## .....## .....##
###.## .. ###


You could see an orc knight and a deep elf mage.

Vanquished Creatures
  A freezing wraith (D:7)
  Sigmund (D:2)
  A shadow (D:7)
  A vampire (D:7)
  A hungry ghost (D:7)
  3 ogres
  A crocodile (Sewer)
  A bullfrog (D:6)
  A hound (D:5)
  A jelly (D:7)
  An orc wizard (D:7)
  2 orc priests
  3 worker ants
  A hound zombie (D:7)
  7 adders
  2 worms (D:3)
  A dart slug (D:2)
  An adder simulacrum (D:7)
  5 leopard geckos
  12 orcs
  8 giant cockroaches
  15 goblins
  3 hobgoblins
  9 jackals
  A quokka (D:3)
  A ball python (D:3)
  5 bats
  4 frilled lizards
  12 kobolds
  A leopard gecko skeleton (D:4)
  6 rats
112 creatures vanquished.

Vanquished Creatures (others)
  A steam dragon (D:7)
  An orc wizard (D:6)
  A worker ant (D:6)
  An orc (D:4)
  A giant cockroach (D:4)
  A frilled lizard (D:3)
6 creatures vanquished.

Grand Total: 118 creatures vanquished

Notes
Turn   | Place    | Note
-------+----------+-------------------------------------------
     0 | D:1      | theAP the Gargoyle Fighter began the quest for the Orb.
     0 | D:1      | Reached XP level 1. HP: 14/14 MP: 1/1
   292 | D:1      | Reached XP level 2. HP: 2/19 MP: 2/2
   870 | D:2      | Reached skill level 3 in Maces & Flails
   894 | D:2      | Reached XP level 3. HP: 23/23 MP: 3/3
  1053 | D:2      | Noticed Sigmund
  1073 | D:2      | Killed Sigmund
  1073 | D:2      | Reached skill level 5 in Maces & Flails
  1073 | D:2      | Reached XP level 4. HP: 24/30 MP: 4/4
  1073 | D:2      | Reached XP level 5. HP: 27/34 MP: 5/5
  1142 | D:2      | Found a bloodstained altar of Trog.
  1492 | D:3      | Reached XP level 6. HP: 35/40 MP: 6/6
  1540 | D:3      | Found a hazy altar of Hepliaklqana.
  1635 | D:3      | Reached skill level 5 in Fighting
  2217 | D:3      | Found a sacrificial altar of Ru.
  2539 | D:4      | Found a glowing drain.
  2571 | Sewer    | Entered a sewer
  2737 | D:4      | Reached skill level 6 in Maces & Flails
  2843 | D:4      | Reached XP level 7. HP: 44/44 MP: 7/7
  3066 | D:5      | Entered Level 5 of the Dungeon
  3374 | D:5      | Found a staircase to the Ecumenical Temple.
  3389 | Temple   | Entered the Ecumenical Temple
  3502 | Temple   | Became a worshipper of Warmaster Okawaru
  3948 | D:6      | Reached skill level 7 in Maces & Flails
  3968 | D:6      | Found Qehog's Gadget Shoppe.
  4129 | D:6      | Noticed Blork the orc
  4140 | D:6      | Noticed Pikel
  4151 | D:6      | Banished Pikel
  4151 | D:6      | Reached skill level 8 in Maces & Flails
  4151 | D:6      | Reached XP level 8. HP: 35/52 MP: 6/8
  4153 | D:6      | Banished Blork the orc
  4402 | D:6      | Gained mutation: Your magical capacity is low. (-10% MP) [potion of mutation]
  4402 | D:6      | Gained mutation: You occasionally shout uncontrollably at your foes. [potion of mutation]
  4402 | D:6      | Gained mutation: You have sharp toenails. [potion of mutation]
  4532 | D:7      | Noticed a deep elf mage
  4533 | D:7      | Reached * piety under Okawaru
  4559 | D:7      | Noticed an orc knight
  4561 | D:7      | Noticed a freezing wraith
  4565 | D:7      | Noticed a shadow
  4573 | D:7      | Killed a freezing wraith
  4573 | D:7      | Reached skill level 9 in Maces & Flails
  4573 | D:7      | Reached XP level 9. HP: 45/58 MP: 3/8
  4610 | D:7      | Reached ** piety under Okawaru
  4639 | D:7      | Reached skill level 10 in Maces & Flails
  4677 | D:7      | Killed from afar by a deep elf mage

Vault maps used:
D:1:      scummos_arrival_forest
D:2:      bloody_trog, uniq_sigmund
D:3:      lemuel_doored_altar, old_standard_altar
D:4:      first_bread, portal_sewer_entry_f, minmay_misc_feat_hallway
D:5:      temple_green
D:6:      serial_shops, shop, uniq_blork_the_orc, uniq_pikel
D:7:      nicolae_ossuary_entry_giza, the_bakery, minmay_the_grid_plus,
          uniq_menkaure
Temple:   nicolae_temple_x_marks_the_god
Sewer:    sewer_the_crocodile

Skill      XL: |  1  2  3  4  5  6  7  8  9 |
---------------+----------------------------+-----
Maces & Flails | 3 5 6 8 9 10 | 10.0
Fighting       | 4 5 6 7 8 |  8.3
Armour         | |  3.2
Shields        | |  3.2

Action                   |  1- 3 |  4- 6 |  7- 9 || total
-------------------------+-------+-------+-------++-------
Melee: Flail             |   102 |   112 |       ||   214
       Whip              |       |    75 |   145 ||   220
       Kick              |       |       |    18 ||    18
  Use: Scroll            |       |    12 |     9 ||    21
       Potion            |       |       |     5 ||     5
  Eat: Chunk             |       |     6 |     4 ||    10
       Fruit             |       |     1 |       ||     1
       Bread ration      |       |       |     1 ||     1
Armor: Scale mail        |    64 |     7 |       ||    71
       Plate armour      |       |    92 |    79 ||   171
Dodge: Dodged            |    31 |    29 |     8 ||    68
Block: Shield            |    51 |    63 |    39 ||   153
